 Dungeon Crawl Stone Soup version 0.19-a0-76-g295c512 (webtiles) character file.

6 Duffy the Insei (level 1, -3/15 HPs)
             Began as a Demonspawn Transmuter on May 12, 2016.
             Slain by a hobgoblin
             ... wielding a +0 club
              (4 damage)
             ... on level 1 of the Dungeon.
             The game lasted 00:00:15 (114 turns).

Duffy the Insei (Demonspawn Transmuter)              Turns: 114, Time: 00:00:16

Health: -3/15      AC:  2    Str: 10    XL:     1   Next: 75%
Magic:  3/3        EV: 12    Int: 14    God:
Gold:   7          SH:  0    Dex: 13    Spells: 1 memorised, 3 levels left

rFire  . . .     SeeInvis .       - Unarmed
rCold  . . .     Gourm    .     b - +0 robe
rNeg   . . .     Faith    .     (no shield)
rPois  .         Spirit   .     (no helmet)
rElec  .         Dismiss  .     (no cloak)
rCorr  .         Reflect  .     (no gloves)
SustAt .         Harm     .     (no boots)
MR     .....                    (no amulet)
Stlth  +.........               (no ring)
                                (no ring)

@: not resistant to hostile enchantments, very unstealthy
A: no striking features
a: no special abilities


You were on level 1 of the Dungeon.
You were not hungry.

You visited 1 branch of the dungeon, and saw 1 of its levels.

You collected 7 gold pieces.


   Skills:
 - Level 1.0 Fighting
 - Level 1.7 Dodging
 + Level 2.9 Unarmed Combat
 - Level 2.0 Spellcasting
 + Level 2.0 Transmutations


You had 3 spell levels left.
You knew the following spells:

 Your Spells              Type           Power        Failure   Level  Hunger
a - Beastly Appendage     Trmt           #.....       12%         1    ##.....

Inventory:

Missiles
 a - 12 arrows
Armour
 b - a +0 robe (worn)
Books
 c - a book of Changes
Comestibles
 d - a bread ration

Dungeon Overview and Level Annotations

Branches:
Dungeon (1/15)

Altars:


Message History

You barely miss the kobold. The kobold closely misses you.
You hit the kobold.
The kobold is severely wounded.
The kobold closely misses you.
You closely miss the kobold.
The kobold is severely wounded.
The kobold closely misses you.
You hit the kobold.
You kill the kobold!
Your Transmutations skill increases to level 2!
No target in view!
No target in view!
No target in view!
A hobgoblin comes into view.
The hobgoblin moves out of view.
Things that are here:
a short sword; a kobold corpse The hobgoblin shouts!
Found an escape hatch in the floor.
The hobgoblin shouts!
Things that are here:
a short sword; a kobold corpse You barely miss the hobgoblin.
You punch the hobgoblin.
You kill the hobgoblin!
The hobgoblin hits you with a club.
You see here a hobgoblin corpse.
You hit the hobgoblin but do no damage. You barely miss the hobgoblin.
The hobgoblin hits you with a club.
You hit the hobgoblin.
The hobgoblin is moderately wounded.
The hobgoblin closely misses you.
You hit the hobgoblin but do no damage.
The hobgoblin is moderately wounded.
The hobgoblin hits you with a club.
You are too injured to fight recklessly!
You are too injured to fight recklessly!
You are too injured to fight recklessly!
You closely miss the hobgoblin.
The hobgoblin is moderately wounded.
The hobgoblin hits you with a club.
You closely miss the hobgoblin.
The hobgoblin is moderately wounded.
The hobgoblin hits you with a club.
You completely miss the hobgoblin.
The hobgoblin is moderately wounded.
The hobgoblin hits you with a club.
You hit the hobgoblin but do no damage.
The hobgoblin is moderately wounded.
The hobgoblin hits you with a club.
You die...

######### #........
#...>.... #######
#........ #.....#
#........ #.....# #####
#........ #.....# #...#
#........
##.....####...###g.......
#..............)@........
#......####...###........
#.############# #........
#>............ ....#####
#.############ .....#
..#### .....# .....#
....... ..##.#######
...#.# ..#........#


You could see a hobgoblin.

Action                   || total
-------------------------++-------
Melee: Unarmed           ||    20
       Punch             ||     1
Dodge: Dodged            ||    12

Notes
Turn   | Place    | Note
--------------------------------------------------------------
     0 | D:1      | Duffy the Demonspawn Transmuter began the quest for the Orb.
     0 | D:1      | Reached XP level 1. HP: 15/15 MP: 3/3
    96 | D:1      | Reached skill level 2 in Transmutations
   114 | D:1      | Slain by a hobgoblin

Skill      XL: |  1 |
---------------+----+-----
Transmutations | 2 |  2.0
Fighting       | |  1.0
Dodging        | |  1.7
Unarmed Combat | |  2.9
Spellcasting   | |  2.0

Vault maps used:
D:1:      dpeg_arrival_boxes_within_box

Vanquished Creatures
  A bat
  A hobgoblin
  2 kobolds
  A rat
5 creatures vanquished.
